[Event "Titled Tuesday Blitz May 30 Early 2023"]
[White "FREDERICKtheMATE"]
[Black "Weishaeutel, Moritz"]
[BlackFideId "12967300"]
[WhiteElo "2390"]
[BlackElo "2301"]
[Result "0-1"]
[Round "02"]
[TimeControl "180+2"]
[Date "2023.05.30"]
[WhiteClock "0:00:00"]
[BlackClock "0:00:02"]

1. e4 e5 2. Nf3 Nf6 3. Nxe5 Nc6 4. Nxc6 dxc6 5. d3 Bc5 6. Be2 h5 7. h3 Qd4 8. Rf1 Qd6 9. f4 Qe7 10. c3 Bxh3 11. gxh3 Nxe4 12. dxe4 Qh4+ 13. Kd2 O-O-O+ 14. Bd3 Rxd3+ 15. Kxd3 Rd8+ 16. Kc2 Rxd1 17. Rxd1 Qxh3 18. b4 Qg2+ 19. Kb3 Be7 20. Nd2 c5 21. a3 g5 22. fxg5 Bxg5 23. Nc4 b5 24. Nb2 c4+ 25. Ka2 Bf6 26. Bd2 Qxe4 27. Rac1 Qe2 28. Bf4 h4 29. Re1 Qg4 30. Be5 Bg5 31. Rc2 h3 32. a4 c6 33. Bd4 Bf4 34. Be5 Bg5 35. Rf2 Bh4 36. Rf4 Qg5 37. Ree4 Bg3 38. Rf3 Bxe5 39. Rxh3 Qf5 40. Rhe3 f6 41. Nd1 Qf1 42. Re1 Qd3 43. R4e2 Bxc3 44. Re8+ Kb7 45. R1e7+ Ka6 46. axb5+ Kxb5 47. Rb8+ Ka6 48. Nxc3 Qc2+ 49. Ka1 Qxc3+ 50. Ka2 Qb3+ 51. Ka1 c3 52. b5+ cxb5 53. Re2 Qd1+ 0-1


[Site "https://www.chess.com"]

[Event "Titled Tuesday Blitz May 30 Early 2023"]
[White "Real_taiatai"]
[Black "Oleksiyenko, Mykhaylo"]
[BlackFideId "4152417"]
[WhiteElo "2384"]
[BlackElo "2551"]
[Result "0-1"]
[Round "02"]
[TimeControl "180+2"]
[Date "2023.05.30"]
[WhiteClock "0:02:02"]
[BlackClock "0:00:52"]

1. d4 d5 2. Nf3 Nf6 3. c4 e6 4. Nc3 Nbd7 5. e3 b6 6. b3 Bb7 7. Bb2 a6 8. Be2 Bd6 9. O-O O-O 10. Rc1 Ne4 11. Bd3 Qe7 12. Ne2 Rfd8 13. Qc2 Rac8 14. Ne5 Bxe5 15. dxe5 Ndc5 16. Bxe4 dxe4 17. Ba3 Qg5 18. Bxc5 bxc5 19. Rcd1 Qxe5 20. Rd2 Rd6 21. Rfd1 Rcd8 22. Nc3 Rd3 23. Na4 Rxd2 24. Rxd2 Qa1+ 0-1


[Site "https://www.chess.com"]

[Event "Titled Tuesday Blitz May 30 Early 2023"]
[White "Girya, Olga"]
[Black "Llanos, Guillermo"]
[WhiteFideId "4195752"]
[BlackFideId "100358"]
[WhiteElo "2263"]
[BlackElo "2225"]
[Result "0-1"]
[Round "02"]
[TimeControl "180+2"]
[Date "2023.05.30"]
[WhiteClock "0:00:00"]
[BlackClock "0:00:53"]

1. d4 f5 2. g3 Nf6 3. Bg2 e6 4. c4 c6 5. Bf4 d6 6. Nc3 Nbd7 7. Nf3 Be7 8. O-O O-O 9. Re1 Ne4 10. Nxe4 fxe4 11. Nd2 d5 12. f3 Qb6 13. fxe4 e5 14. c5 Qxb2 15. Nb3 exf4 16. exd5 cxd5 17. Bxd5+ Kh8 18. Qd3 Nf6 19. Bf3 fxg3 20. hxg3 Qa3 21. e4 Ng4 22. Re2 Qa4 23. Rd1 Qe8 24. Bg2 Qg6 25. e5 Bf5 26. Be4 Bxe4 27. Qxe4 Qxe4 28. Rxe4 Nf2 29. Rf1 Nxe4 0-1


[Site "https://www.chess.com"]

[Event "Titled Tuesday Blitz May 30 Early 2023"]
[White "Schnaider, Ilan"]
[Black "Uzcategui Rodriguez, Alejandro"]
[WhiteFideId "169013"]
[BlackFideId "3903400"]
[WhiteElo "2224"]
[BlackElo "2252"]
[Result "0-1"]
[Round "02"]
[TimeControl "180+2"]
[Date "2023.05.30"]
[WhiteClock "0:00:00"]
[BlackClock "0:00:27"]

1. e4 e6 2. d4 d5 3. Nd2 Nf6 4. e5 Nfd7 5. Bd3 c5 6. c3 Nc6 7. Ne2 cxd4 8. cxd4 f6 9. exf6 Nxf6 10. Nf3 Bd6 11. O-O Qc7 12. h3 O-O 13. Bg5 Bd7 14. Bh4 Nh5 15. Ng5 h6 16. Nh7 Rf5 17. Bxf5 exf5 18. Nc3 Nf4 19. Nb5 Qb8 20. Nf6+ gxf6 21. Nxd6 Qxd6 22. Bg3 Re8 23. Re1 Re4 24. Rxe4 fxe4 25. Qd2 Nxd4 26. Bxf4 Qxf4 27. Qxd4 Qg5 28. Rd1 Be6 29. Kf1 b6 30. Qc3 Qf4 31. Rc1 Qe5 32. Qc6 e3 33. Qe8+ Kg7 34. fxe3 d4 35. exd4 Bc4+ 36. Rxc4 Qxe8 37. Rc7+ Kg6 38. Rxa7 Qb5+ 39. Kg1 Qxb2 40. Rd7 Qxa2 41. Rd6 b5 42. Rb6 Qc4 43. Rd6 b4 44. Kh1 b3 45. Rd8 b2 46. Rb8 Qc1+ 47. Kh2 b1=Q 48. Rxb1 Qxb1 49. d5 Qb8+ 50. d6 Qxd6+ 0-1


[Site "https://www.chess.com"]

[Event "Titled Tuesday Blitz May 30 Early 2023"]
[White "MKlose11"]
[Black "rikchessmx"]
[WhiteElo "2618"]
[BlackElo "2300"]
[Result "1-0"]
[Round "02"]
[TimeControl "180+2"]
[Date "2023.05.30"]
[WhiteClock "0:00:37"]
[BlackClock "0:00:45"]

1. e4 e5 2. Nf3 Nc6 3. d4 exd4 4. Bc4 d6 5. O-O Bg4 6. h3 Bxf3 7. Qxf3 Qf6 8. Qd1 O-O-O 9. c3 dxc3 10. Nxc3 g5 11. Nd5 Qg6 12. Re1 h5 13. a3 Nge7 14. b4 Nxd5 15. Bxd5 Ne7 16. Bc4 Bg7 17. Qb3 Rhf8 18. Rb1 g4 19. h4 g3 20. Qxg3 Qxg3 21. fxg3 Ng6 22. Rf1 Bd4+ 23. Kh2 Be5 24. Bb3 Nxh4 25. Bg5 Ng6 26. Bxd8 Kxd8 27. Rxf7 h4 28. Rxf8+ Nxf8 29. Kh3 hxg3 30. Kg4 Nd7 31. Rh1 c6 32. Kf5 Kc7 33. Rh7 Kd8 34. Be6 Nf8 35. Rxb7 Bd4 36. Rf7 Ke8 37. Rc7 c5 38. Rxa7 cxb4 39. Ra8+ Ke7 40. Bd5 bxa3 41. Rxa3 Nd7 42. Rxg3 Nc5 43. Ra3 Kf8 44. Ra8+ Kg7 45. Ra7+ Kf8 46. Rf7+ Ke8 47. g4 Nd3 48. g5 Ne5 49. Rb7 Nf3 50. g6 Nh4+ 51. Kg5 Nf3+ 52. Kf4 Nh4 53. g7 Ng6+ 54. Kg5 Ne7 55. Rxe7+ 1-0


[Site "https://www.chess.com"]

[Event "Titled Tuesday Blitz May 30 Early 2023"]
[White "De Souza, Cristiano Gomes"]
[Black "iHateNAJDORF"]
[WhiteFideId "2151758"]
[WhiteElo "2068"]
[BlackElo "2598"]
[Result "0-1"]
[Round "02"]
[TimeControl "180+2"]
[Date "2023.05.30"]
[WhiteClock "0:01:02"]
[BlackClock "0:00:03"]

1. d4 Nf6 2. c4 d6 3. Nf3 g6 4. Nc3 Bg7 5. e4 O-O 6. Be2 e5 7. O-O Nc6 8. d5 Ne7 9. Ne1 Nd7 10. Be3 f5 11. f3 f4 12. Bf2 g5 13. Nb5 a5 14. Na7 Rxa7 15. Bxa7 b6 16. Nd3 Ba6 17. a3 Qa8 18. Bxb6 cxb6 19. b4 Bxc4 20. Rc1 b5 21. bxa5 Qxa5 22. a4 Bxd3 23. Bxd3 bxa4 24. Ra1 Nc5 25. Bc4 Rb8 26. Rf2 Nc8 27. Rfa2 Rb4 28. Be2 Nb6 29. g3 g4 30. Kg2 gxf3+ 31. Bxf3 Nxe4 32. Qc2 Nc5 33. Rb1 e4 34. Bg4 f3+ 35. Kh3 Nxd5 36. Rxb4 Qxb4 37. Qf2 Nf6 38. Bf5 Nd3 39. Qa7 h5 40. Bg6 d5 41. Rxa4 Qf8 42. Qb6 Qc8+ 43. Kh4 Qg4# 0-1


[Site "https://www.chess.com"]

[Event "Titled Tuesday Blitz May 30 Early 2023"]
[White "Schuh, Karsten"]
[Black "Paravyan, David"]
[WhiteFideId "4637950"]
[BlackFideId "4194985"]
[WhiteElo "2138"]
[BlackElo "2563"]
[Result "0-1"]
[Round "02"]
[TimeControl "180+2"]
[Date "2023.05.30"]
[WhiteClock "0:00:12"]
[BlackClock "0:01:43"]

1. Nf3 d5 2. c4 e6 3. g3 Nf6 4. Bg2 Be7 5. O-O O-O 6. b3 c5 7. e3 Nc6 8. Bb2 d4 9. exd4 cxd4 10. Re1 Re8 11. a3 a5 12. d3 Bc5 13. Nbd2 e5 14. Ng5 Bf5 15. Nge4 Nxe4 16. Nxe4 Bf8 17. h3 Rb8 18. Rb1 Qd7 19. Kh2 b5 20. g4 Bg6 21. Qf3 bxc4 22. bxc4 Nd8 23. h4 Ne6 24. h5 Bxe4 25. Qxe4 Nc5 26. Qf3 Rb3 27. Ba1 e4 28. Qf5 Qd6+ 29. Kg1 exd3 30. Rxe8 Rxb1+ 31. Bf1 Rxa1 0-1


[Site "https://www.chess.com"]

[Event "Titled Tuesday Blitz May 30 Early 2023"]
[White "Manukian, Artak"]
[Black "Lazavik, Denis"]
[WhiteFideId "13301373"]
[BlackFideId "13515110"]
[WhiteElo "2130"]
[BlackElo "2560"]
[Result "0-1"]
[Round "02"]
[TimeControl "180+2"]
[Date "2023.05.30"]
[WhiteClock "0:02:20"]
[BlackClock "0:02:36"]

1. e4 c5 2. Nf3 e6 3. c3 d5 4. e5 d4 5. cxd4 cxd4 6. Bb5+ Nc6 7. Bxc6+ bxc6 8. Qa4 Ne7 9. Nxd4 Bd7 10. Nb3 c5 11. Qa5 Nc6 12. Qxd8+ Rxd8 13. f4 c4 14. Nc3 cxb3 15. axb3 Bc5 16. Ne4 Bb6 17. Nd6+ Ke7 18. d3 Nd4 19. Kd1 Bc6 20. Be3 Bxg2 21. Rg1 Bf3+ 0-1


[Site "https://www.chess.com"]

[Event "Titled Tuesday Blitz May 30 Early 2023"]
[White "Hajiyev, Kanan"]
[Black "Terry, Renato"]
[WhiteFideId "13404148"]
[BlackFideId "3803457"]
[WhiteElo "2103"]
[BlackElo "2575"]
[Result "0-1"]
[Round "02"]
[TimeControl "180+2"]
[Date "2023.05.30"]
[WhiteClock "0:00:00"]
[BlackClock "0:00:55"]

1. c4 e5 2. h3 f5 3. g4 d6 4. e3 Nf6 5. g5 Ne4 6. h4 g6 7. Bg2 h6 8. d3 Nc5 9. e4 f4 10. Nf3 Bg4 11. Nc3 Nc6 12. Nd5 Bg7 13. b4 Ne6 14. Qa4 hxg5 15. hxg5 Rxh1+ 16. Bxh1 Bxf3 17. Bxf3 Nxg5 18. Bg4 Kf7 19. Bb2 Ne7 20. O-O-O c6 21. Nc3 Qb6 22. Qb3 Kf8 23. c5 dxc5 24. bxc5 Qxb3 25. axb3 Ng8 26. Ne2 Nf6 27. f3 Nxg4 28. fxg4 Rd8 29. Ng1 Kf7 30. Kc2 Ke6 31. Rf1 Rh8 32. Rf2 Rh1 33. Ne2 Nh3 34. Rf3 Bf6 35. Nc3 Rh2+ 36. Kb1 Ng5 37. Rf1 Rg2 38. d4 exd4 39. Nd1 Be5 40. Nf2 Nf3 41. Nh3 Nd2+ 42. Kc1 Nxf1 43. Nxf4+ Bxf4+ 0-1


[Site "https://www.chess.com"]

[Event "Titled Tuesday Blitz May 30 Early 2023"]
[White "Kuzubov, Yuriy"]
[Black "Zenin, Dmitry"]
[WhiteFideId "14112906"]
[BlackFideId "4127897"]
[WhiteElo "2496"]
[BlackElo "2215"]
[Result "1-0"]
[Round "02"]
[TimeControl "180+2"]
[Date "2023.05.30"]
[WhiteClock "0:01:58"]
[BlackClock "0:01:12"]

1. d4 Nf6 2. Nf3 g6 3. Nbd2 Bg7 4. e4 d6 5. Bd3 O-O 6. O-O Nc6 7. Re1 e5 8. dxe5 dxe5 9. Nc4 Re8 10. c3 a5 11. a4 b6 12. Qc2 Bb7 13. Bg5 h6 14. Bh4 Qd7 15. Rad1 Nh5 16. Bf1 Qc8 17. Ne3 Ne7 18. Bb5 c6 19. Bc4 Ba6 20. Qb3 Bxc4 21. Nxc4 Rb8 22. Nd6 1-0


[Site "https://www.chess.com"]

[Event "Titled Tuesday Blitz May 30 Early 2023"]
[White "Matveeva, Olga"]
[Black "Kozak, Adam"]
[WhiteFideId "24107018"]
[BlackFideId "753246"]
[WhiteElo "2009"]
[BlackElo "2469"]
[Result "0-1"]
[Round "02"]
[TimeControl "180+2"]
[Date "2023.05.30"]
[WhiteClock "0:00:10"]
[BlackClock "0:01:04"]

1. d4 Nf6 2. c4 g6 3. g3 c5 4. d5 b5 5. cxb5 a6 6. bxa6 Bg7 7. Nc3 O-O 8. Bg2 Qa5 9. d6 Rxa6 10. dxe7 Re8 11. Bd2 Qb6 12. Nf3 Nc6 13. O-O d5 14. Bg5 Nxe7 15. Bxf6 Bxf6 16. Nxd5 Nxd5 17. Qxd5 Rxe2 18. Rae1 Rxe1 19. Rxe1 Be6 20. Qd3 c4 21. Qe4 Rxa2 22. Nd2 Rxb2 23. Qa8+ Kg7 24. Ne4 Bf5 25. Rf1 Bxe4 26. Bxe4 c3 27. Bd5 Rd2 28. Bc4 Qc5 29. Bb3 Qb6 30. Bc4 c2 31. Qe8 Qc7 32. Qe3 Rd1 0-1


[Site "https://www.chess.com"]

[Event "Titled Tuesday Blitz May 30 Early 2023"]
[White "Szyszylo, Rafal"]
[Black "Mahdavi, Reza"]
[WhiteFideId "1109626"]
[BlackFideId "12595926"]
[WhiteElo "1951"]
[BlackElo "2352"]
[Result "1-0"]
[Round "02"]
[TimeControl "180+2"]
[Date "2023.05.30"]
[WhiteClock "0:00:20"]
[BlackClock "0:00:34"]

1. e4 c5 2. Nc3 d6 3. f4 g6 4. Nf3 Bg7 5. Bb5+ Bd7 6. Bxd7+ Qxd7 7. d3 Nc6 8. O-O f5 9. Qe1 Nf6 10. exf5 gxf5 11. Qh4 h6 12. Bd2 O-O-O 13. Rae1 Rdg8 14. Kh1 Bf8 15. h3 Rg6 16. Rf2 Rhg8 17. Rfe2 Nd4 18. Nxd4 cxd4 19. Nd1 Qc6 20. Qf2 Nh5 21. Kh2 Kd7 22. Rg1 Qxc2 23. Qxd4 Nf6 24. Nc3 Bg7 25. Qxa7 Ke8 26. Qxb7 Bf8 27. Nd5 Nxd5 28. Qxd5 Rg3 29. Qxf5 Rxd3 30. Qh5+ Kd7 31. Bc3 Qa4 32. Qf5+ Ke8 33. Qxd3 Qxf4+ 34. g3 Rxg3 1-0


[Site "https://www.chess.com"]

[Event "Titled Tuesday Blitz May 30 Early 2023"]
[White "splendidkid"]
[Black "Estrada Nieto, Julian"]
[BlackFideId "5101018"]
[WhiteElo "2755"]
[BlackElo "2161"]
[Result "1-0"]
[Round "02"]
[TimeControl "180+2"]
[Date "2023.05.30"]
[WhiteClock "0:01:02"]
[BlackClock "0:00:00"]

1. d4 d5 2. c4 dxc4 3. Nf3 Nf6 4. Nc3 a6 5. a4 Nc6 6. Bg5 Bg4 7. e3 Na5 8. Be2 h6 9. Bh4 e6 10. Ne5 Bxe2 11. Qxe2 Bb4 12. O-O g5 13. Bg3 Bxc3 14. bxc3 Qd5 15. f3 Nh5 16. Bf2 f6 17. e4 Qd6 18. Nxc4 Nxc4 19. Qxc4 Nf4 20. Rab1 b6 21. e5 Qd7 22. exf6 O-O 23. Rfe1 Rxf6 24. Re4 Raf8 25. Rbe1 g4 26. fxg4 Nd5 27. Bh4 Rf4 28. Rxe6 Rxg4 29. Re7 Qf5 30. R7e5 Rxg2+ 31. Kxg2 Qg4+ 32. Bg3 Qf3+ 33. Kg1 1-0


[Site "https://www.chess.com"]

[Event "Titled Tuesday Blitz May 30 Early 2023"]
[White "Simonian, Hrair"]
[Black "ChawitAp"]
[WhiteFideId "13302337"]
[WhiteElo "2447"]
[BlackElo "2402"]
[Result "1-0"]
[Round "02"]
[TimeControl "180+2"]
[Date "2023.05.30"]
[WhiteClock "0:00:35"]
[BlackClock "0:00:00"]

1. e4 c6 2. d4 d5 3. Nc3 dxe4 4. Nxe4 Nf6 5. Nxf6+ exf6 6. c3 Bf5 7. Bd3 Bxd3 8. Qxd3 Bd6 9. Ne2 O-O 10. O-O Qc7 11. Ng3 Nd7 12. h3 g6 13. Bh6 Rfe8 14. Rae1 Bxg3 15. Qxg3 Qxg3 16. fxg3 f5 17. Bf4 Nf6 18. Be5 Nd7 19. Bd6 Nb6 20. b3 Re6 21. Rxe6 fxe6 22. c4 Rd8 23. Bc5 Nc8 24. Rd1 b6 25. Ba3 c5 26. Bb2 Ne7 27. Kf2 Nc6 28. Re1 Nxd4 29. Bxd4 Rxd4 30. Rxe6 Kf7 31. Rc6 Rd2+ 32. Kf3 Rxa2 33. Rc7+ Kf6 34. Rxh7 Ra3 35. Kf2 Rxb3 36. Rxa7 Rb4 37. Rb7 Rxc4 38. Rxb6+ Kg5 39. Kg1 Rc1+ 40. Kh2 c4 41. Rc6 Rc2 42. h4+ Kh6 43. Kh3 Rc3 44. Rc7 Rc1 45. g4 fxg4+ 46. Kxg4 c3 47. Rc6 Kh7 48. Kg5 Rg1 49. g4 Rg3 50. Rc7+ 1-0


[Site "https://www.chess.com"]

[Event "Titled Tuesday Blitz May 30 Early 2023"]
[White "Csonka, Balazs"]
[Black "Dwilewicz, Katarzyna"]
[WhiteFideId "742910"]
[BlackFideId "1148486"]
[WhiteElo "2404"]
[BlackElo "2065"]
[Result "1-0"]
[Round "02"]
[TimeControl "180+2"]
[Date "2023.05.30"]
[WhiteClock "0:00:03"]
[BlackClock "0:00:00"]

1. e4 c5 2. Nc3 d6 3. d4 cxd4 4. Qxd4 Nc6 5. Qd2 g6 6. b3 Bh6 7. f4 e5 8. g3 Nf6 9. Bb2 O-O 10. O-O-O Re8 11. Bg2 Bg4 12. Nge2 Nd4 13. Nxd4 exd4 14. Qxd4 Bxd1 15. Rxd1 Bg7 16. Nd5 Nh5 17. Qb4 Bxb2+ 18. Kxb2 Nf6 19. Qxb7 Nxd5 20. Qxd5 Qf6+ 21. Qd4 Qxd4+ 22. Rxd4 Rad8 23. c4 f5 24. Kc3 fxe4 25. Bxe4 Kf7 26. b4 Re7 27. a4 Rc7 28. b5 h6 29. a5 Rc5 30. Kb4 Ke7 31. Bd5 g5 32. Re4+ Kf8 33. Re6 gxf4 34. gxf4 h5 35. b6 axb6 36. axb6 h4 37. b7 Rb8 38. Rxd6 Rxd5 39. Rxd5 Rxb7+ 40. Rb5 Rf7 41. f5 Re7 42. c5 Re2 43. c6 Rxh2 44. Rc5 Rb2+ 45. Ka5 Rb8 46. c7 Rc8 47. Kb6 h3 48. Kb7 h2 49. Rc1 Re8 50. Rh1 Kf7 51. Rxh2 Kf6 52. Rf2 Rf8 53. c8=Q 1-0


[Site "https://www.chess.com"]

[Event "Titled Tuesday Blitz May 30 Early 2023"]
[White "Jaracz, Pawel"]
[Black "Novikova, Galina"]
[WhiteFideId "1102222"]
[BlackFideId "4157095"]
[WhiteElo "2438"]
[BlackElo "1953"]
[Result "1-0"]
[Round "02"]
[TimeControl "180+2"]
[Date "2023.05.30"]
[WhiteClock "0:02:08"]
[BlackClock "0:01:26"]

1. e4 e6 2. d4 d5 3. Nc3 Bb4 4. e5 c5 5. Bd2 Ne7 6. Nb5 Bxd2+ 7. Qxd2 O-O 8. Nf3 cxd4 9. Nfxd4 Nbc6 10. f4 a6 11. Nd6 Nxd4 12. Qxd4 Nf5 13. Nxf5 exf5 14. Bd3 Be6 15. O-O-O Rc8 16. g4 Qd7 17. h3 b5 18. Rhg1 Rc4 19. Bxc4 bxc4 20. gxf5 Bxf5 21. Rxg7+ 1-0


[Site "https://www.chess.com"]

[Event "Titled Tuesday Blitz May 30 Early 2023"]
[White "Sliwicki, Damian"]
[Black "Garayev, Kanan"]
[WhiteFideId "1127128"]
[BlackFideId "13406671"]
[WhiteElo "2030"]
[BlackElo "2230"]
[Result "0-1"]
[Round "02"]
[TimeControl "180+2"]
[Date "2023.05.30"]
[WhiteClock "0:00:06"]
[BlackClock "0:01:57"]

1. e4 e6 2. Qe2 c5 3. g3 g6 4. Bg2 Bg7 5. Nf3 Ne7 6. O-O Nbc6 7. e5 Qc7 8. Re1 h6 9. Nc3 a6 10. d3 g5 11. h3 Ng6 12. Be3 Ncxe5 13. Nxe5 Bxe5 14. Rad1 Bd4 15. Bxd4 cxd4 16. Nd5 Qd6 17. Qe4 O-O 18. Nf6+ Kh8 19. Qg4 e5 20. Ne4 Qe6 21. Qh5 Kg7 22. f3 f5 23. Nc5 Qf6 24. g4 d6 25. gxf5 Nf4 26. Qg4 dxc5 0-1


[Site "https://www.chess.com"]

[Event "Titled Tuesday Blitz May 30 Early 2023"]
[White "Harriott, Tyrell"]
[Black "Samunenkov, Ihor"]
[WhiteFideId "2086484"]
[BlackFideId "14187086"]
[WhiteElo "2107"]
[BlackElo "2457"]
[Result "1/2-1/2"]
[Round "02"]
[TimeControl "180+2"]
[Date "2023.05.30"]
[WhiteClock "0:00:18"]
[BlackClock "0:00:03"]

1. d4 Nf6 2. e3 d5 3. Bd3 c5 4. c3 Nbd7 5. f4 g6 6. Nf3 Bg7 7. O-O O-O 8. f5 Ne4 9. fxg6 hxg6 10. Bxe4 dxe4 11. Ng5 e5 12. Qg4 Nf6 13. Qh4 Nh5 14. g4 Bh6 15. gxh5 Bxg5 16. Qxe4 Bf5 17. Qxe5 Re8 18. Qg3 Re4 19. h3 Bh4 20. Qg2 Qd7 21. Rf3 Kh7 22. hxg6+ Bxg6 23. Nd2 Rg8 24. Kh1 Bh5 25. Rxf7+ Qxf7 26. Qxe4+ Kh8 27. Qxh4 Qg6 28. Qf2 Qe6 29. Kh2 Qd6+ 30. Qf4 Qg6 31. Qf2 Qd6+ 32. Kh1 Qe6 33. Kh2 Qd6+ 1/2-1/2


[Site "https://www.chess.com"]

[Event "Titled Tuesday Blitz May 30 Early 2023"]
[White "Goltsev, Dmitry"]
[Black "Makhmudov, Shukhrat"]
[WhiteFideId "24176710"]
[BlackFideId "14200775"]
[WhiteElo "2356"]
[BlackElo "2135"]
[Result "1/2-1/2"]
[Round "02"]
[TimeControl "180+2"]
[Date "2023.05.30"]
[WhiteClock "0:01:30"]
[BlackClock "0:01:11"]

1. e4 e5 2. Nf3 Nc6 3. Bb5 a6 4. Ba4 Nf6 5. O-O Be7 6. Re1 b5 7. Bb3 O-O 8. c3 d5 9. d4 dxe4 10. Nxe5 Nxe5 11. dxe5 Qxd1 12. Rxd1 Ng4 13. Bd5 Rb8 14. Bxe4 Bc5 15. Rf1 Nxe5 16. Bf4 Bd6 17. Nd2 Nf3+ 18. Nxf3 Bxf4 19. Nd4 Re8 20. Rfe1 Bd7 21. Bc6 Bxc6 22. Nxc6 Ra8 23. g3 Bd6 24. Kf1 f5 25. Rxe8+ Rxe8 26. Re1 Rxe1+ 27. Kxe1 f4 28. b4 Kf7 29. Ke2 fxg3 30. fxg3 Ke6 31. Kd3 Kd5 32. Nb8 c5 33. Nxa6 c4+ 34. Ke3 g5 35. a3 h5 36. Nc5 h4 37. gxh4 gxh4 38. h3 Bxc5+ 39. bxc5 Kxc5 40. Ke4 Kb6 41. Kd5 Ka5 42. Kc5 Ka4 43. Kb6 Kb3 44. Kxb5 Kxc3 45. a4 Kb3 46. a5 c3 47. a6 c2 48. a7 c1=Q 49. a8=Q Qf1+ 50. Kc5 Qxh3 51. Kd4 Qc3+ 52. Ke4 Qg3 53. Qf8 Qe1+ 54. Kd3 Qd1+ 55. Ke3 Qe1+ 56. Kd3 Qg3+ 57. Ke2 h3 58. Qf3+ Qxf3+ 59. Kxf3 h2 60. Kg2 h1=Q+ 61. Kxh1 1/2-1/2


[Site "https://www.chess.com"]

[Event "Titled Tuesday Blitz May 30 Early 2023"]
[White "Shtompel, Yuriy"]
[Black "Camilla_Lee"]
[WhiteFideId "14168278"]
[WhiteElo "1844"]
[BlackElo "2688"]
[Result "0-1"]
[Round "02"]
[TimeControl "180+2"]
[Date "2023.05.30"]
[WhiteClock "0:00:26"]
[BlackClock "0:01:10"]

1. Nf3 d5 2. g3 Nf6 3. Bg2 c6 4. O-O Bg4 5. d3 Nbd7 6. Nbd2 e6 7. h3 Bf5 8. Re1 h6 9. e4 dxe4 10. dxe4 Bh7 11. Qe2 Be7 12. a3 O-O 13. e5 Nd5 14. c4 N5b6 15. Nb3 a5 16. Bf4 a4 17. Nbd2 Nc5 18. Red1 Bc2 19. Ne4 Bxd1 20. Rxd1 Qc7 21. Nd6 Rad8 22. h4 Nc8 23. Be3 Nxd6 24. Bxc5 Nf5 25. Bxe7 Qxe7 26. Nd2 Rd7 27. Ne4 Rfd8 28. Rxd7 Qxd7 29. Bf3 Qd3 0-1


[Site "https://www.chess.com"]

[Event "Titled Tuesday Blitz May 30 Early 2023"]
[White "Domingo Nunez, Ruben"]
[Black "Urbina Perez, Juan Antonio"]
[WhiteFideId "22245570"]
[BlackFideId "2217368"]
[WhiteElo "2404"]
[BlackElo "2197"]
[Result "1-0"]
[Round "02"]
[TimeControl "180+2"]
[Date "2023.05.30"]
[WhiteClock "0:00:20"]
[BlackClock "0:00:04"]

1. c4 e5 2. g3 Nf6 3. Bg2 c6 4. d4 Bb4+ 5. Bd2 Bxd2+ 6. Qxd2 d6 7. Nc3 O-O 8. O-O-O exd4 9. Qxd4 Be6 10. Nh3 Qe7 11. Nf4 Rd8 12. Rd3 Na6 13. Rhd1 d5 14. cxd5 cxd5 15. Re3 Rac8 16. Kb1 Nc5 17. Nfxd5 Nxd5 18. Bxd5 b6 19. Qe5 Nd7 20. Qf4 Nf6 21. Bxe6 Rxd1+ 22. Nxd1 fxe6 23. Nc3 Qf7 24. Qd6 Nd5 25. Nxd5 Qf5+ 26. Rd3 exd5 27. Qxd5+ Qxd5 28. Rxd5 Rc7 29. Rd3 Kf7 30. Rc3 Re7 31. e3 Rd7 32. Kc2 Ke6 33. f3 Ke5 34. Rd3 Rc7+ 35. Kd2 h5 36. Rc3 Rd7+ 37. Ke2 g5 38. Rb3 Rd5 39. Rb4 Rc5 40. Kd3 Rd5+ 41. Kc3 Rc5+ 42. Rc4 Ra5 43. h4 gxh4 44. Rxh4 Rxa2 45. Rxh5+ Kf6 46. Rb5 Ra1 47. g4 Rf1 48. g5+ Kg6 49. f4 Re1 50. Kd4 Rd1+ 51. Ke4 Rd6 52. Kf3 Rd2 53. e4 Rd3+ 54. Kg4 Rd1 55. f5+ Kg7 56. Kf4 Rf1+ 57. Ke5 Rc1 58. Rd5 Rc6 59. Rd7+ Kf8 60. Rxa7 1-0


[Site "https://www.chess.com"]

[Event "Titled Tuesday Blitz May 30 Early 2023"]
[White "Harikrishnan.A.Ra"]
[Black "Topalov, Aleksandar"]
[WhiteFideId "5081483"]
[BlackFideId "925659"]
[WhiteElo "2271"]
[BlackElo "2151"]
[Result "1-0"]
[Round "02"]
[TimeControl "180+2"]
[Date "2023.05.30"]
[WhiteClock "0:00:56"]
[BlackClock "0:00:41"]

1. d4 Nf6 2. Nf3 g6 3. g3 Bg7 4. Bg2 O-O 5. O-O d6 6. c4 Nbd7 7. Nc3 e5 8. e4 exd4 9. Nxd4 Re8 10. h3 a5 11. Re1 Nc5 12. b3 c6 13. Bb2 Qb6 14. a3 Nfd7 15. Rb1 Ne5 16. Bf1 Ncd3 17. Bxd3 Qxd4 18. Bf1 Qb6 19. Kg2 Be6 20. f4 Nd7 21. Na4 Qc7 22. Bxg7 Kxg7 23. Qd4+ Kg8 24. Rbd1 b5 25. Nc3 c5 26. Nxb5 1-0


[Site "https://www.chess.com"]

[Event "Titled Tuesday Blitz May 30 Early 2023"]
[White "Kohler, Aran"]
[Black "Shuvalova, Polina"]
[WhiteFideId "1002856"]
[BlackFideId "24171760"]
[WhiteElo "2364"]
[BlackElo "2281"]
[Result "0-1"]
[Round "02"]
[TimeControl "180+2"]
[Date "2023.05.30"]
[WhiteClock "0:00:00"]
[BlackClock "0:00:50"]

1. d4 Nf6 2. Nf3 c5 3. d5 g6 4. c4 Bg7 5. Nc3 O-O 6. e4 d6 7. Be2 e6 8. O-O exd5 9. cxd5 a6 10. a4 Re8 11. Nd2 Nbd7 12. f3 b6 13. Nc4 Qc7 14. Bf4 Bf8 15. g4 Rb8 16. Ne3 Ne5 17. Bxe5 Rxe5 18. f4 Re8 19. Bf3 b5 20. g5 Nd7 21. axb5 axb5 22. Ne2 Bg7 23. Ra2 c4 24. Kh1 Nc5 25. Ng3 Nd3 26. Qe2 Nxf4 27. Qd2 Nd3 28. Bg4 Nxb2 29. Rxb2 c3 30. Qc2 Qc5 31. Qf2 Bxg4 32. Nxg4 cxb2 33. Qxf7+ Kh8 34. Nf6 Rf8 35. Qe7 Qc2 36. Nf5 gxf5 0-1


[Site "https://www.chess.com"]

[Event "Titled Tuesday Blitz May 30 Early 2023"]
[White "Silvestre, Christian"]
[Black "Hoghmrtsyan, Artur"]
[WhiteFideId "30956269"]
[BlackFideId "13306685"]
[WhiteElo "2363"]
[BlackElo "2654"]
[Result "0-1"]
[Round "02"]
[TimeControl "180+2"]
[Date "2023.05.30"]
[WhiteClock "0:00:11"]
[BlackClock "0:00:08"]

1. e4 e5 2. Nf3 Nc6 3. Bc4 Bc5 4. d3 Nf6 5. h3 h6 6. Nc3 a6 7. a3 d6 8. Be3 O-O 9. O-O Kh8 10. Nd5 Nh7 11. d4 exd4 12. Nxd4 Ne5 13. Be2 c6 14. Nc3 Ng6 15. Qd2 Qe7 16. Rad1 Bd7 17. Nf3 Bxe3 18. Qxe3 f5 19. Qd4 fxe4 20. Nxe4 d5 21. Nc3 Nf4 22. Rfe1 Qd6 23. Ne5 c5 24. Ne4 Qe7 25. Nxc5 Bxh3 26. Bf1 Qg5 27. Nf3 Qg4 28. Nh2 Qg6 29. g3 Bxf1 30. Nxf1 Nh3+ 31. Kg2 Nxf2 32. Re6 Qf5 33. Qxd5 Qxc2 34. Rd2 Qc1 35. Rxf2 Rxf2+ 36. Kxf2 Rf8+ 37. Kg2 Qxf1+ 38. Kh2 Rf2+ 0-1


[Site "https://www.chess.com"]

[Event "Titled Tuesday Blitz May 30 Early 2023"]
[White "Koridze, Lile"]
[Black "Dehtiarov, Roman"]
[WhiteFideId "13612514"]
[BlackFideId "14186640"]
[WhiteElo "2047"]
[BlackElo "2189"]
[Result "1-0"]
[Round "02"]
[TimeControl "180+2"]
[Date "2023.05.30"]
[WhiteClock "0:00:18"]
[BlackClock "0:00:04"]

1. d4 Nf6 2. c4 g6 3. Nc3 d5 4. Nf3 Bg7 5. cxd5 Nxd5 6. Bd2 O-O 7. e4 Nxc3 8. Bxc3 b6 9. Be2 Bb7 10. d5 Bxc3+ 11. bxc3 Nd7 12. O-O Nf6 13. Bd3 c6 14. c4 cxd5 15. cxd5 Nd7 16. Qe2 Nc5 17. Bc4 Rc8 18. Rac1 Qd7 19. Rfd1 Rfd8 20. Ng5 h6 21. Nf3 Qg4 22. Re1 Rc7 23. Qe3 Kh7 24. Ne5 Qg5 25. Qxg5 hxg5 26. Nxf7 Rdc8 27. Nxg5+ Kh6 28. Nf7+ Kg7 29. Ne5 Na4 30. Rcd1 Rxc4 31. Nxc4 Rxc4 32. e5 Nc5 33. d6 exd6 34. exd6 Bc6 35. Re7+ Kf6 36. Rxa7 Bd7 37. h3 Rc2 38. Rd5 Ke6 39. Rd4 Ke5 40. Rd1 Ke6 41. Rc7 Rb2 42. a3 Ra2 43. Rb1 Rxa3 44. Rxb6 Ne4 45. Rbb7 Nf6 46. Rb6 Rd3 47. Ra7 Rd1+ 48. Kh2 Ne4 49. f3 Nf6 50. Ra3 Nd5 51. Rba6 Nf4 52. Re3+ Kf6 53. Re4 g5 54. h4 Rd2 55. hxg5+ Kxg5 56. Ra5+ Bf5 57. Ree5 Rxg2+ 58. Kh1 Kh4 59. Rxf5 Kg3 60. Rg5+ Kf2 1-0


[Site "https://www.chess.com"]